[Event "ICC tourney 2397 (75 10)"]
[Site "Internet Chess Club"]
[Date "2021.02.21"]
[Round "6"]
[White "TheChessShark"]
[Black "Nikhilp"]
[Result "0-1"]
[ICCResult "White checkmated"]
[WhiteElo "1809"]
[BlackElo "1751"]
[Opening "Queen's pawn game"]
[ECO "A45"]
[NIC "OI.08"]
[Time "18:03:21"]
[PlyCount "132"]
[TimeControl "4500+10"]

1. d4 Nf6 2. Nc3 c5 3. d5 d6 4. e4 g6 5. f4 Bg7 6. Nf3 a6 7. a4 O-O 8. Be2
Nbd7 9. O-O a5 10. e5 dxe5 11. fxe5 Ng4 12. e6 fxe6 13. dxe6 Nde5 14. Nxe5
Nxe5 15. Rxf8+ Qxf8 16. Qd5 Rb8 17. Bg5 b6 18. Rf1 Qe8 19. Bb5 Bb7 20. Bxe8
Bxd5 21. Bf7+ Nxf7 22. Rxf7 Bxe6 23. Rxe7 Bd4+ 24. Kf1 Bc4+ 25. Ke1 Rf8 26.
Ne4 Bxb2 27. c3 Rf1+ 28. Kd2 Bc1+ 29. Kc2 Bxg5 30. Nxg5 Rf2+ 31. Kd1 Rxg2
32. Nxh7 Rxh2 33. Nf6+ Kf8 34. Rb7 Bb3+ 35. Ke1 Bxa4 36. Rxb6 Bc2 37. Nd7+
Kg7 38. Nxc5 a4 39. Ra6 g5 40. Nxa4 g4 41. Nc5 g3 42. Kf1 Bd1 43. Rd6 Bf3
44. Ne6+ Kf7 45. Ng5+ Ke7 46. Re6+ Kd7 47. Nxf3 Rf2+ 48. Kg1 Kxe6 49. Ne1
Kf5 50. c4 Kg4 51. c5 Rf5 52. c6 Kh3 53. Nd3 g2 54. Nf2+ Rxf2 55. Kxf2 Kh2
56. c7 g1=Q+ 57. Ke2 Qc5 58. c8=Q Qxc8 59. Kd3 Qc5 60. Ke4 Kg3 61. Kd3 Kf3
62. Kd2 Qe3+ 63. Kc2 Ke2 64. Kb2 Kd2 65. Ka1 Kc2 66. Ka2 Qa7# { White
checkmated } 0-1

[Event "ICC tourney 2397 (75 10)"]
[Site "Internet Chess Club"]
[Date "2021.02.21"]
[Round "6"]
[White "Percy101"]
[Black "bcooke01"]
[Result "1-0"]
[ICCResult "Black resigns"]
[WhiteElo "1898"]
[BlackElo "1844"]
[Opening "French: Tarrasch, Botvinnik variation"]
[ECO "C05"]
[NIC "FR.17"]
[Time "18:03:01"]
[PlyCount "69"]
[TimeControl "4500+10"]

1. e4 e6 2. d4 d5 3. Nd2 Nf6 4. e5 Nfd7 5. Bd3 c5 6. c3 b6 7. Ne2 Ba6 8.
Bxa6 Nxa6 9. Nf3 Be7 10. O-O O-O 11. Be3 f6 12. exf6 Bxf6 13. Nf4 Nc7 14.
Re1 e5 15. dxe5 Nxe5 16. Nxe5 Bxe5 17. Qg4 Qd6 18. g3 Qf6 19. Nd3 Bd6 20.
Bf4 Bxf4 21. Nxf4 Kh8 22. Re2 Rad8 23. Rae1 d4 24. Re7 Nd5 25. Nxd5 Rxd5
26. c4 d3 27. cxd5 d2 28. Qe2 dxe1=Q+ 29. Qxe1 Qxb2 30. d6 Qb5 31. d7 Kg8
32. Qe6+ Kh8 33. Qf7 Rg8 34. Qxg8+ Kxg8 35. d8=Q+ { Black resigns } 1-0

[Event "ICC tourney 2397 (75 10)"]
[Site "Internet Chess Club"]
[Date "2021.02.21"]
[Round "6"]
[White "imranchamp"]
[Black "USChessNinja"]
[Result "1-0"]
[ICCResult "Black checkmated"]
[WhiteElo "1852"]
[BlackElo "1773"]
[Opening "Sicilian: closed"]
[ECO "B23"]
[NIC "SI.44"]
[Time "18:03:18"]
[PlyCount "119"]
[TimeControl "4500+10"]

1. e4 c5 2. Nc3 d6 3. Nf3 Nf6 4. Bc4 g6 5. O-O Bg7 6. d3 O-O 7. h3 Nc6 8.
Re1 Bd7 9. Bf4 a6 10. a3 Rc8 11. e5 Nh5 12. Bh2 dxe5 13. Nxe5 Nxe5 14. Bxe5
Bxe5 15. Rxe5 b5 16. Ba2 Bc6 17. Re1 Nf4 18. Ne4 Kh8 19. Qd2 Nxh3+ 20. gxh3
Qd7 21. Qe3 f5 22. Nxc5 Qd6 23. Qe5+ Qxe5 24. Rxe5 Rfe8 25. Rae1 Bf3 26. b4
a5 27. Rxe7 Rxe7 28. Rxe7 axb4 29. axb4 Ra8 30. Re3 Bc6 31. Re6 Bf3 32. Ra6
Re8 33. Ne6 Bb7 34. Rd6 Ra8 35. Rd8+ Rxd8 36. Nxd8 Bf3 37. c4 bxc4 38. dxc4
Kg8 39. b5 Kf8 40. b6 Ke8 41. b7 Bxb7 42. Nxb7 Kd7 43. Nc5+ Kc6 44. Nd3 Kc7
45. c5 Kc6 46. Bg8 h5 47. Bh7 g5 48. Bxf5 g4 49. hxg4 hxg4 50. Bxg4 Kc7 51.
Bf3 Kc8 52. c6 Kc7 53. Nb4 Kc8 54. Na6 Kd8 55. c7+ Kc8 56. Bg4+ Kb7 57.
c8=Q+ Kb6 58. Qc7+ Kb5 59. Qc5+ Ka4 60. Bd1# { Black checkmated } 1-0

[Event "ICC tourney 2397 (75 10)"]
[Site "Internet Chess Club"]
[Date "2021.02.21"]
[Round "6"]
[White "siddhu"]
[Black "atevifred"]
[Result "1-0"]
[ICCResult "Black checkmated"]
[WhiteElo "1988"]
[BlackElo "1803"]
[Opening "Caro-Kann: classical, 6.h4"]
[ECO "B19"]
[NIC "CK.11"]
[Time "18:03:22"]
[PlyCount "53"]
[TimeControl "4500+10"]

1. e4 c6 2. d4 d5 3. Nc3 dxe4 4. Nxe4 Bf5 5. Ng3 Bg6 6. h4 h6 7. Nf3 e6 8.
h5 Bh7 9. Bd3 Bxd3 10. Qxd3 Nf6 11. Bd2 Nbd7 12. O-O-O c5 13. Rhe1 Be7 14.
d5 c4 15. Qd4 Nxd5 16. Nf5 Rg8 17. Nxg7+ Rxg7 18. Qxg7 Bf6 19. Qg8+ Nf8 20.
Bxh6 Bxb2+ 21. Kxb2 Qf6+ 22. Ne5 c3+ 23. Kb1 Qxh6 24. Qxf7+ Kd8 25. Qxb7
Qf4 26. Rxd5+ exd5 27. Nc6# { Black checkmated } 1-0

[Event "ICC tourney 2397 (75 10)"]
[Site "Internet Chess Club"]
[Date "2021.02.21"]
[Round "6"]
[White "DanielA1926"]
[Black "saanvichess"]
[Result "0-1"]
[ICCResult "White resigns"]
[WhiteElo "1782"]
[BlackElo "1875"]
[Opening "Queen's pawn game"]
[ECO "D02"]
[NIC "QP.08"]
[Time "18:02:57"]
[PlyCount "60"]
[TimeControl "4500+10"]

1. d4 d5 2. Nf3 e6 3. Bg5 Nf6 4. e3 c6 5. Bd3 Nbd7 6. O-O Bd6 7. Nc3 Qb6 8.
Na4 Qa5 9. Nc3 Qb6 10. Na4 Qc7 11. Nc3 O-O 12. e4 dxe4 13. Nxe4 Nxe4 14.
Bxe4 h6 15. Bh4 f5 16. Bd3 g5 17. Bxg5 hxg5 18. Nxg5 Nf6 19. h3 Qg7 20. Nf3
Nh5 21. Kh1 Nf4 22. Rg1 Qh7 23. Bf1 b6 24. Qe1 Bb7 25. Ne5 c5 26. f3 cxd4
27. Qg3+ Qg7 28. Qxf4 Bxe5 29. Qh4 Bg3 30. Qh5 Rf6 { White resigns } 0-1

[Event "ICC tourney 2397 (75 10)"]
[Site "Internet Chess Club"]
[Date "2021.02.21"]
[Round "6"]
[White "clair"]
[Black "liguowh"]
[Result "1/2-1/2"]
[ICCResult "Game drawn by mutual agreement"]
[WhiteElo "1723"]
[BlackElo "1972"]
[Opening "Queen's pawn: London system"]
[ECO "A45"]
[NIC "QP.07"]
[Time "18:02:57"]
[PlyCount "82"]
[TimeControl "4500+10"]

1. d4 Nf6 2. Bf4 d5 3. e3 e6 4. Nd2 Bd6 5. Bg3 O-O 6. Ngf3 c5 7. c3 b6 8.
Bd3 Bb7 9. O-O cxd4 10. exd4 Bxg3 11. hxg3 Nbd7 12. Ne5 a6 13. Ndf3 Ne4 14.
Nxd7 Qxd7 15. Re1 b5 16. Ne5 Qe7 17. a3 f6 18. Nf3 Bc6 19. Qc2 a5 20. Nd2
f5 21. Nf3 Be8 22. Ne5 h5 23. Qe2 Rb8 24. Qe3 Rc8 25. Rac1 b4 26. axb4 axb4
27. Bb1 bxc3 28. bxc3 Qa3 29. Bxe4 fxe4 30. Qd2 Qa5 31. Rc2 Ra8 32. Rb1 Qc7
33. Rcb2 Qe7 34. Rb7 Qf6 35. R7b6 Ra7 36. Rb7 Ra8 37. Rc7 Kh8 38. Rbb7
Qxf2+ 39. Qxf2 Ra1+ 40. Kh2 Rxf2 41. Rxg7 Raa2 { Game drawn by mutual
agreement } 1/2-1/2

[Event "ICC tourney 2397 (75 10)"]
[Site "Internet Chess Club"]
[Date "2021.02.21"]
[Round "6"]
[White "joeandjoe56"]
[Black "funpawn"]
[Result "0-1"]
[ICCResult "White resigns"]
[WhiteElo "1816"]
[BlackElo "1795"]
[Opening "Ruy Lopez: 5.O-O"]
[ECO "C78"]
[NIC "RL.12"]
[Time "18:03:21"]
[PlyCount "128"]
[TimeControl "4500+10"]

1. e4 e5 2. Nf3 Nc6 3. Bb5 a6 4. Ba4 Nf6 5. O-O b5 6. Bb3 Bc5 7. c3 d6 8.
d4 Bb6 9. a4 Rb8 10. a5 Ba7 11. Be3 Ra8 12. dxe5 Nxe5 13. Nxe5 dxe5 14.
Qxd8+ Kxd8 15. Bxa7 Rxa7 16. Bxf7 Nxe4 17. Re1 Nd6 18. Bb3 Re8 19. Nd2 Bb7
20. f3 Ra8 21. Bc2 h6 22. Re2 Kd7 23. Rae1 Re7 24. Rxe5 Rae8 25. Rxe7+ Rxe7
26. Rxe7+ Kxe7 27. Kf2 Ke6 28. Ke3 c5 29. Ne4 Nc4+ 30. Kf4 Bxe4 31. Bxe4
Nxa5 32. Bf5+ Kf6 33. Bc8 Nc4 34. Bxa6 Nxb2 35. Bxb5 Nd1 36. c4 Nc3 37. Bc6
Na2 38. h4 Nb4 39. Be4 Ke6 40. g4 Na6 41. g5 Nc7 42. gxh6 gxh6 43. Bf5+ Kd6
44. Ke4 Na8 45. Bh7 Nb6 46. Bg8 Nc8 47. f4 Ne7 48. Bf7 Nc6 49. Kf5 Ke7 50.
Kg6 Nd4 51. Bd5 Ne2 52. Kf5 Kd6 53. h5 Ng3+ 54. Kg4 Ne2 55. f5 Ke5 56. Be6
Nd4 57. Bd7 Nc2 58. Bc8 Ne3+ 59. Kf3 Nxc4 60. Be6 Nd6 61. Kg4 c4 62. Bd7 c3
63. Ba4 Nxf5 64. Kf3 c2 { White resigns } 0-1

[Event "ICC tourney 2397 (75 10)"]
[Site "Internet Chess Club"]
[Date "2021.02.21"]
[Round "6"]
[White "kwen2008"]
[Black "soggydollar"]
[Result "0-1"]
[ICCResult "White resigns"]
[WhiteElo "1728"]
[BlackElo "1790"]
[Opening "Dutch: classical variation"]
[ECO "A96"]
[NIC "HD.01"]
[Time "18:03:02"]
[PlyCount "130"]
[TimeControl "4500+10"]

1. d4 f5 2. c4 e6 3. Nf3 Nf6 4. g3 Be7 5. Bg2 O-O 6. O-O d6 7. Nc3 Ne4 8.
Nxe4 fxe4 9. Nd2 d5 10. Qb3 Nc6 11. e3 b6 12. Qc2 Bb7 13. a3 a5 14. Qb3 a4
15. Qc2 Qd7 16. Bh3 Qd6 17. Nb1 Ba6 18. Nd2 g5 19. b4 axb3 20. Qxb3 Na5 21.
Qb4 Qd7 22. Qb2 Nxc4 23. Nxc4 Bxc4 24. Re1 Ra4 25. Qc2 Rfa8 26. Qd1 b5 27.
Bb2 R4a6 28. Qh5 Qe8 29. Qg4 h5 30. Qd1 g4 31. Bf1 Bxf1 32. Rxf1 Bxa3 33.
Bxa3 Rxa3 34. Rxa3 Rxa3 35. Qc1 Ra7 36. Qc5 Rb7 37. Ra1 Kf7 38. Rb1 Qd7 39.
Rb4 Rb6 40. Kf1 Rb7 41. Ke2 c6 42. Kf1 Ra7 43. Kg2 Ra6 44. Rb2 Qe7 45. Qc3
Qf6 46. Rb1 Qe7 47. Rb2 Qa3 48. Rb3 Qa1 49. Qc2 Qa2 50. Rb2 Qc4 51. Qb1 Ke7
52. Rc2 Qa4 53. Qc1 Kd7 54. Qd2 b4 55. Rb2 b3 56. Qc3 Rb6 57. Qc5 Qb4 58.
Qc1 Ra6 59. Qb1 Ra3 60. Qd1 Qc3 61. Qb1 Kc7 62. Kf1 Qd3+ 63. Qxd3 exd3 64.
Ke1 Ra1+ 65. Kd2 Ra2 { White resigns } 0-1

[Event "ICC tourney 2397 (75 10)"]
[Site "Internet Chess Club"]
[Date "2021.02.21"]
[Round "6"]
[White "poohfur"]
[Black "xyzchessdude"]
[Result "1-0"]
[ICCResult "Black resigns"]
[WhiteElo "1706"]
[BlackElo "1987"]
[Opening "Sicilian"]
[ECO "B56"]
[NIC "SI.25"]
[Time "18:03:07"]
[PlyCount "103"]
[TimeControl "4500+10"]

1. e4 c5 2. Nf3 Nc6 3. d4 cxd4 4. Nxd4 Nf6 5. Nc3 d6 6. f3 e5 7. Ndb5 a6 8.
Na3 b5 9. Nd5 Nxd5 10. exd5 Nd4 11. Be3 Nf5 12. Bf2 Be7 13. Bd3 Bg5 14. c3
Ne3 15. Bxe3 Bxe3 16. Nc2 Bc5 17. Qe2 O-O 18. O-O-O Bd7 19. g4 Qg5+ 20. Kb1
Qf4 21. h4 b4 22. c4 a5 23. Ne1 Qf6 24. g5 Qd8 25. Qe4 g6 26. Ng2 Bf5 27.
Qe2 Bxd3+ 28. Qxd3 f5 29. Qd2 a4 30. h5 f4 31. hxg6 hxg6 32. Rh4 Qxg5 33.
Rg4 Qf5+ 34. Ka1 Rf6 35. Nh4 Qh5 36. Rh1 Kf7 37. Rh2 a3 38. Nxg6 axb2+ 39.
Kxb2 Qxg6 40. Rxg6 Rxg6 41. Rh7+ Rg7 42. Rh1 Rag8 43. Qd3 Rg2+ 44. Kb3 R2g5
45. Ka4 Ra8+ 46. Kb5 Rxa2 47. Qh7+ Rg7 48. Qf5+ Kg8 49. Qc8+ Kf7 50. Qd7+
Kf6 51. Qe6+ Kg5 52. Qh6+ { Black resigns } 1-0

[Event "ICC tourney 2397 (75 10)"]
[Site "Internet Chess Club"]
[Date "2021.02.21"]
[Round "6"]
[White "FL2009"]
[Black "ybabji"]
[Result "1/2-1/2"]
[ICCResult "Game drawn by mutual agreement"]
[WhiteElo "1820"]
[BlackElo "1921"]
[Opening "Pirc defense"]
[ECO "B07"]
[NIC "PU.08"]
[Time "18:03:50"]
[PlyCount "216"]
[TimeControl "4500+10"]

1. e4 d6 2. d4 Nf6 3. Nc3 e5 4. dxe5 dxe5 5. Qxd8+ Kxd8 6. Bg5 Be6 7. Nf3
Bd6 8. O-O-O Ke7 9. Nd5+ Bxd5 10. exd5 c6 11. Bc4 h6 12. Bxf6+ gxf6 13. Nh4
Bc5 14. d6+ Ke8 15. d7+ Nxd7 16. Bxf7+ Kxf7 17. Rxd7+ Ke6 18. Rhd1 Rhe8 19.
Rxb7 Bxf2 20. Nf3 Rad8 21. c3 e4 22. Nd4+ Bxd4 23. cxd4 Re7 24. Rb3 Red7
25. Ra3 f5 26. Rh3 Rh7 27. Rc3 Rd6 28. Rc5 Rf7 29. Re5+ Kf6 30. g4 Kg6 31.
gxf5+ Rxf5 32. Rxe4 Rf2 33. Rd2 Rf5 34. Rg2+ Kf7 35. Reg4 a5 36. Rg7+ Ke6
37. R2g6+ Kd5 38. Rxd6+ Kxd6 39. Rg6+ Kd5 40. Rxh6 Rf4 41. h3 a4 42. a3
Rxd4 43. h4 c5 44. h5 Rh4 45. Kb1 Kc4 46. Ka2 Kd3 47. Rh8 Rh1 48. h6 Kc4
49. h7 Rh6 50. Kb1 Rh2 51. Kc1 Rh3 52. Kd2 Rh2+ 53. Ke3 Rh3+ 54. Ke4 Rh4+
55. Ke5 Rh5+ 56. Ke4 Rh4+ 57. Ke5 Rh5+ 58. Kd6 Rh6+ 59. Ke5 Rh5+ 60. Kd6
Rh6+ 61. Kc7 Rh2 62. Kc6 Rh6+ 63. Kd7 Rh5 64. Kd6 Rh6+ 65. Ke5 Rh5+ 66. Kf4
Rh1 67. Ke3 Rh5 68. Kd2 Rh3 69. Ke2 Rh2+ 70. Ke3 Rh6 71. Ke4 Rh4+ 72. Kf3
Rh6 73. Ke3 Rh5 74. Ke4 Rh1 75. Ke5 Rh5+ 76. Ke4 Rh6 77. Kf5 Rh1 78. Kg6
Rg1+ 79. Kf6 Rh1 80. Ke5 Rh5+ 81. Kd6 Rh6+ 82. Kc7 Rh2 83. Kc6 Rh6+ 84. Kd7
Rh2 85. Kd6 Rh5 86. Ke6 Rh4 87. Ke5 Rh2 88. Ke4 Rh4+ 89. Ke3 Rh3+ 90. Kd2
Rh2+ 91. Kc1 Rh3 92. Kc2 Rh2+ 93. Kb1 Rh1+ 94. Ka2 Rh2 95. Ra8 Rxh7 96.
Rxa4+ Kb5 97. Rf4 Rh3 98. Rf5 Rd3 99. Rf8 Kc4 100. Rb8 Rd6 101. Rc8 Rd2
102. Kb1 Rd6 103. Kc2 Rb6 104. b4 Rb5 105. Kd2 Kd4 106. Rh8 cxb4 107. axb4
Rxb4 108. Rd8+ Kc5 { Game drawn by mutual agreement } 1/2-1/2

[Event "ICC tourney 2397 (75 10)"]
[Site "Internet Chess Club"]
[Date "2021.02.21"]
[Round "6"]
[White "chessisthebest1"]
[Black "corviknight"]
[Result "1/2-1/2"]
[ICCResult "Game drawn by mutual agreement"]
[WhiteElo "1787"]
[BlackElo "1802"]
[Opening "Giuoco Piano"]
[ECO "C54"]
[NIC "IG.02"]
[Time "18:03:04"]
[PlyCount "177"]
[TimeControl "4500+10"]

1. e4 e5 2. Nf3 Nc6 3. Bc4 Bc5 4. c3 Nf6 5. d3 d6 6. O-O O-O 7. Nbd2 a6 8.
a4 Ba7 9. Re1 h6 10. b4 Ne7 11. Nf1 Ng6 12. Ng3 Be6 13. Bxe6 fxe6 14. d4
exd4 15. cxd4 Qe7 16. Bb2 Nd7 17. Rc1 Rac8 18. Qb3 Kh8 19. Rc2 Bb8 20. a5
Rf7 21. d5 e5 22. Nf5 Qf8 23. Qe3 Nf6 24. N3h4 Nxh4 25. Nxh4 Qe8 26. Qh3
Nh7 27. Bc1 Rf6 28. Nf5 Rd8 29. Bd2 Rd7 30. Rc3 Ba7 31. Rf1 Rdf7 32. Kh1
Qd7 33. Rg3 c6 34. dxc6 bxc6 35. Qg4 Rf8 36. Nxh6 Qxg4 37. Nxg4 R6f7 38.
Kg1 Nf6 39. Nxf6 Rxf6 40. Be3 Bxe3 41. Rxe3 Rb8 42. Rb1 Rf7 43. Rd3 Rd7 44.
Rbb3 d5 45. exd5 cxd5 46. f3 d4 47. Kf2 Rdb7 48. f4 Rf7 49. g3 g5 50. Kf3
gxf4 51. g4 Re8 52. Ke4 Rh7 53. h3 Kg7 54. b5 axb5 55. Rxb5 Kf6 56. a6 Ra7
57. Rb6+ Kg5 58. Ra3 Kh4 59. Rb7 Rxb7 60. axb7 Rb8 61. Rb3 d3 62. Kxd3 Kxh3
63. g5 Kg2 64. Rb2+ Kf3 65. g6 e4+ 66. Kd4 e3 67. g7 e2 68. Rb1 Kf2 69. Ke4
Rxb7 70. g8=Q Rxb1 71. Qa2 Rd1 72. Kxf4 Kf1 73. Kf3 Rd3+ 74. Ke4 Rh3 75.
Qa6 Kf2 76. Qf6+ Kg2 77. Qb2 Kf1 78. Qb5 Rh4+ 79. Ke3 Rh3+ 80. Kd2 Rh2 81.
Qd3 Rf2 82. Qh3+ Kg1 83. Ke1 Rg2 84. Qe3+ Kh1 85. Qh6+ Kg1 86. Qh3 Rh2 87.
Qe3+ Kh1 88. Qg3 Rg2 89. Qh3+ { Game drawn by mutual agreement } 1/2-1/2